Zazza, lawful female human Knight ------------- |...........| ------ ##............| |....| -------- # |...........| |.....####------------ #.......|#########............| ----.--- |....| |..........@a####|.......# # --------.---- ##.......| |.....####-..........| ###|......| ### ####### # |......| |....| |...........#####|.<.....################`############.......| |..._| |..........| # #-----|-- # ###### ###|......| ------ |..........| ## ### # -.--.----- # #.......| ------------ # # |........| #####|......| ### # |........| ` # -------- # # |........| ##### ----|-# |........| # # |.....# |`....>..-###### |....| ---------- # |....-################## ------ Zazza the Esquire Experience level: 3 Strength: 13 Dexterity: 8 Constitution: 12 Intelligence: 8 Wisdom: 14 Charisma: 18 Health: 0(26) Energy: 21(21) Def: 8 Gold: 784 Moves: 3666 Dungeon seed: CM8itWOyOde7qDWT Game ID: Zazza_1563146797 Your Inventory: Coins $ - 784 gold pieces Weapons a - a blessed +1 long sword Armor e - an uncursed +0 leather armor (being worn) n - an uncursed +0 helmet q - a blessed +0 pair of leather gloves (being worn) r - an uncursed +0 orcish helm (being worn) y - an uncursed +0 pair of low boots (being worn) z - an uncursed +0 cloak of displacement (being worn) N - an uncursed +0 shield of reflection (being worn) Comestibles c - 9 uncursed apples d - 14 uncursed carrots f - 2 uncursed cram rations Scrolls J - an uncursed scroll of remove curse Spellbooks D - an uncursed spellbook of cause fear Potions F - an uncursed potion of fruit juice I - an uncursed potion of water Rings B - an uncursed ring of invisibility Wands x - a wand of undead turning (0:6) Tools o - an uncursed mirror t - an uncursed towel v - an uncursed credit card G - an uncursed chest Contents of the chest: 247 gold pieces a +1 lance an uncursed +0 leather cloak an uncursed +0 pair of leather gloves an uncursed scroll of destroy armor an uncursed scroll of enchant weapon an uncursed scroll of genocide an uncursed spellbook of magic mapping an uncursed potion of booze a cursed potion of gain ability a blessed potion of healing an uncursed worthless piece of orange glass Spells and supernatural/magical abilities: Name Level Category Fail Memory W - pray for help -- divine ? -- X - turn undead -- divine ? -- Y - supernatural jump -- ability ? -- Your skills at the end: Fighting Skills riding [Basic] Weapon Skills long sword [Basic] lance [Basic] Spellcasting Skills Final Attributes: You were piously aligned. You were poison resistant. You were displaced. You could jump. You had reflection. You were lucky. You are dead. Vanquished creatures: 2 ponies a homunculus a kobold shaman a centipede a dwarf zombie 2 iguanas an acid blob a hobgoblin 2 giant rats 2 red molds a gnome zombie 3 geckos 4 jackals a goblin 2 sewer rats 6 grid bugs 5 bats 3 lichens 3 kobold zombies 5 newts 47 creatures vanquished. Voluntary challenges: You had been an atheist until turn 2746. You used a wielded weapon 29 times, starting on turn 3. You read items or engraved 1 time, starting on turn 3409. You never genocided any monsters. You never polymorphed an object. You never changed form. You used no wishes. You never split a pudding. You wrote Elbereth's name 1 time, starting on turn 3409. You never violated your personal moral code. Dungeon overview: The Dungeons of Doom: levels 1 to 7 Level 1 a long staircase Level 2 an armor shop stairs to The Gnomish Mines Level 3 a scroll shop, a fountain, a sink Level 4 a fountain Level 5 a fountain Level 6 <- You were here an altar to Lugh Level 7 The Gnomish Mines: Level 3 stairs to The Dungeons of Doom History has recorded: On T:1 you entered the Dungeons of Doom to retrieve the Amulet of Yendor! On T:417 you reached level 2 of The Dungeons of Doom. On T:1216 you reached level 1 of The Gnomish Mines. On T:1289 you reached level 3 of The Dungeons of Doom. On T:1649 you advanced to experience level 2. On T:1676 you reached level 4 of The Dungeons of Doom. On T:2038 you reached level 5 of The Dungeons of Doom. On T:2680 you reached level 6 of The Dungeons of Doom. On T:2729 you advanced to experience level 3. On T:3328 you reached level 7 of The Dungeons of Doom. Score breakdown: Gold: 1031 (10251 points) Experience: 3 levels ( 7878 points) Exploration: 7 levels ( 14.58%) (10718 points) Discoveries: 4 items ( 1.63%) ( 3825 points) Valuables value: (no points given unless you survive) Artifact value: 0 ( 0 points) Variety of kills: 20 monsters ( 5.25%) ( 6873 points) Turncount: 3666 turns ( -896 points) Survival: died (score multiplied by 80%) Total score: 30919 Latest messages: G - a chest. You stagger under your heavy load. Movement is very hard. You hear the splashing of a naiad. (2x) You hear a distant squeak. You displace Flegs. Your movements are now unencumbered. Flegs hits the gecko. Flegs bites the gecko. The gecko is killed! You see here a chest. G - a chest. You stagger under your heavy load. Movement is very hard. You displace Flegs. You fall down the stairs. You hear some noises in the distance. The gecko is killed! You hear some noises. The giant ant bites! The giant ant misses. The giant ant bites! (3x) You die... Final status: Fare thee well Zazza the Knight, killed by a giant ant... You died in The Dungeons of Doom on dungeon level 6 with 30919 points, and 1031 pieces of gold, after 3666 moves. You were level 3 with a maximum of 26 hit points when you died.